 Dungeon Crawl Stone Soup version 0.26.1-2-gb8aa6d0 (webtiles) character file.

Game seed: 1550882874784642928

2984 Nithhogg the Cleaver (level 9, -37/72 HPs)
             Began as a Barachi Fighter on Mar 31, 2021.
             Was a Follower of the Shining One.
             Annihilated by an orc knight
             ... wielding a +0 glaive
              (46 damage)
             ... in a bailey.
             The game lasted 00:13:08 (5434 turns).

Nithhogg the Cleaver (Barachi Fighter)              Turns: 5434, Time: 00:13:09

Health: -37/72     AC: 13    Str: 22    XL:     9   Next: 83%
Magic:  9/9        EV: 10    Int:  8    God:    the Shining One [*.....]
Gold:   379        SH:  0    Dex: 11    Spells: 8/8 levels left

rFire    . . .     SeeInvis .   D - +2 war axe (vorpal)
rCold    . . .     Faith    .   (no shield)
rNeg     . . .     Spirit   .   f - +3 chain mail {rPois}
rPois    +         Reflect  .   (no helmet)
rElec    .         Harm     .   (no cloak)
rCorr    .         Rampage  .   (no gloves)
Will     .....                  (no boots)
Stlth    ..........             h - amulet of regeneration
HPRegen  0.62/turn              (no ring)
MPRegen  0.11/turn              (no ring)

@: mighty, glowing, slow
A: +LOS, swims, slowness 1, strong legs 1
a: Hop, Renounce Religion


You were in a bailey.
You worshipped the Shining One.
The Shining One was aware of your devotion.
You visited 2 branches of the dungeon, and saw 8 of its levels.
You also visited: Bailey.

You collected 379 gold pieces.

Inventory:

Hand Weapons
 a - a +0 war axe
 s - a +1 battleaxe of venom
 v - a +2 vorpal dire flail
 D - a +2 vorpal war axe (weapon)
Armour
 b - a +0 scale mail
 c - a +0 kite shield
 f - a +3 chain mail of poison resistance (worn)
 E - +2 acid dragon scales
Jewellery
 h - an amulet of regeneration (around neck)
 r - an uncursed amulet of the acrobat
Wands
 l - a wand of paralysis (2) (quivered)
 t - a wand of flame (14)
 z - a wand of disintegration (9)
 F - a wand of random effects (19)
Scrolls
 g - 3 scrolls of teleportation
 i - a scroll of identify
 q - a scroll of fear
 w - 2 scrolls of blinking
 x - a scroll of fog
 y - a scroll of enchant armour
 A - a scroll of remove curse
 B - a scroll of random uselessness
 H - a scroll of immolation
Potions
 e - 3 potions of haste {unknown}
 j - 13 potions of degeneration
 k - 4 potions of resistance {unknown}
 m - a potion of lignification {unknown}
 n - 2 potions of flight {unknown}
 o - a potion of cancellation {unknown}
 p - a potion of berserk rage {unknown}
 u - 2 potions of heal wounds {unknown}
 C - a potion of curing


   Skills:
 + Level 7.4 Fighting
 * Level 9.0 Axes
 + Level 7.6 Armour
 + Level 5.7 Dodging
 - Level 3.2 Shields
 + Level 5.1 Evocations


You had 8 spell levels left.
You didn't know any spells.
Your spell library contained the following spells:

 Spells                   Type           Power        Failure   Level
 Corona                   Hex            0%           96%         1
 Ensorcelled Hibernation  Hex/Ice        0%           99%         2
 Confusing Touch          Hex            0%           100%        3
 Dazzling Flash           Conj/Hex       0%           100%        3
 Tukima's Dance           Hex            0%           100%        3


Dungeon Overview and Level Annotations

Branches:
Dungeon (7/15)             Temple (1/1) D:4          Bailey (1/1)

Altars:
Ashenzari
Cheibriados
Dithmenos
Elyvilon
Fedhas
Gozag
Hepliaklqana
Kikubaaqudgha
Makhleb
Nemelex Xobeh
Okawaru
Qazlal
Sif Muna
Trog
Uskayaw
Vehumet
Wu Jian
Xom
Yredelemnul
Zin
The Shining One

Shops:
D:6 :


Innate Abilities, Weirdness & Mutations

You can be seen from farther away. (+LOS)
You can swim through water.
You cover ground slowly.
You can hop short distances.


Message History

The orcs go into a battle-frenzy!
The orc warrior hits you with a +0 spear!
You feel very mighty all of a sudden.
The orc warrior shoots a bolt.
The bolt barely misses you.
The orc warrior hits you but does no damage.
The orc warrior shoots a bolt.
The bolt hits you!!
* * * LOW HITPOINT WARNING * * *
You feel better.
The orc knight roars a battlecry!
The orcs go into a battle-frenzy!
The orc warrior hits you with a +0 spear.
* * * LOW HITPOINT WARNING * * *
The orc warrior shoots a bolt.
The bolt hits you!
* * * LOW HITPOINT WARNING * * *
The orc warrior hits you from afar with a +0 spear.
* * * LOW HITPOINT WARNING * * *
The orc warrior shoots a bolt.
The bolt barely misses you.
The orc knight hits you from afar with a +0 glaive!!!
Ouch! That really hurt!
You die...

### ###### ##∩##
##.o...##@∩.#
#..≈≈≈..#(..#..≈≈
#.≈≈o≈≈.oo.oo.≈≈o≈
+.≈.oo≈.......≈oo.
#.≈≈o≈≈.......≈≈o≈
#..≈≈≈..#...#..≈≈≈.
##.....##...##.....
###### ##∩## #####
###


You could see 2 orc knights, 3 orc warriors and 2 orcs.

Vanquished Creatures
  Maggie (D:6)
  Grinder (D:6)
  The ghost of Hayther the Skirmisher, an amateur DrMo (D:3)
  A steam dragon (D:7)
  Edmund (D:5)
  Duvessa (D:5)
  An orc warrior (D:7)
  An ice beast (D:7)
  A sky beast (D:4)
  5 ogres
  A centaur (D:5)
  A big kobold (D:7)
  Blork the orc (D:6)
  A bullfrog (D:6)
  Dowan (D:5)
  4 wights
  5 howler monkeys
  A hound (D:7)
  A jelly (D:5)
  Crazy Yiuf (D:6)
  4 orc wizards
  A bullfrog skeleton (D:4)
  An iguana (D:7)
  Natasha (thrice) (D:3)
  3 worker ants
  2 hound skeletons (D:5)
  A worker ant zombie (D:5)
  2 gnolls (D:7)
  7 adders
  A white imp (D:5)
  2 oozes
  An adder skeleton (D:6)
  2 worms
  2 dart slugs
  4 leopard geckos
  12 orcs
  2 ball pythons
  5 bats
  3 giant cockroaches
  6 goblins
  12 hobgoblins
  4 jackals (D:1)
  8 kobolds
  5 quokkas
  2 frilled lizards (D:2)
  A leopard gecko skeleton (D:6)
  A quokka zombie (D:5)
  9 rats
137 creatures vanquished.

Vanquished Creatures (others)
  2 plants (D:4)
2 creatures vanquished.

Grand Total: 139 creatures vanquished

Notes
Turn   | Place    | Note
-------+----------+-------------------------------------------
     0 | D:1      | Nithhogg the Barachi Fighter began the quest for the Orb.
     0 | D:1      | Reached XP level 1. HP: 18/18 MP: 1/1
   264 | D:1      | Reached XP level 2. HP: 16/25 MP: 2/2
   588 | D:1      | Reached skill level 1 in Dodging
   776 | D:1      | Reached XP level 3. HP: 30/30 MP: 3/3
   929 | D:1      | Reached skill level 3 in Axes
  1169 | D:2      | Reached XP level 4. HP: 36/37 MP: 4/4
  1844 | D:3      | Found a runed translucent gate.
  1844 | D:3      | Found a runed translucent gate.
  1847 | D:3      | Found a runed translucent gate.
  1847 | D:3      | Noticed Hayther's ghost (amateur DrMo)
  2048 | D:3      | Found a broken altar of Ashenzari.
  2048 | D:3      | Found an ornate altar of the Wu Jian Council.
  2050 | D:3      | Noticed Natasha
  2055 | D:3      | Killed Natasha
  2056 | D:3      | Reached XP level 5. HP: 41/43 MP: 5/5
  2064 | D:3      | Found a white marble altar of Elyvilon.
  2065 | D:3      | Found a hazy altar of Hepliaklqana.
  2067 | D:3      | Found a radiant altar of Vehumet.
  2067 | D:3      | Found an opulent altar of Gozag.
  2068 | D:3      | Found a sparkling altar of Nemelex Xobeh.
  2071 | D:3      | Noticed Natasha
  2082 | D:3      | Killed Natasha
  2083 | D:3      | Reached skill level 4 in Axes
  2083 | D:3      | Became a worshipper of Elyvilon the Healer
  2319 | D:3      | Noticed Natasha
  2327 | D:3      | Killed Natasha
  2865 | D:4      | Reached XP level 6. HP: 41/49 MP: 6/6
  2869 | D:4      | Reached skill level 1 in Evocations
  2870 | D:4      | Reached skill level 5 in Armour
  2883 | D:4      | Reached skill level 5 in Axes
  2900 | D:4      | Reached skill level 5 in Fighting
  2954 | D:4      | Found a staircase to the Ecumenical Temple.
  2972 | Temple   | Entered the Ecumenical Temple
  3029 | Temple   | Fell from the grace of Elyvilon
  3029 | Temple   | Became a worshipper of the Shining One
  3262 | D:5      | Entered Level 5 of the Dungeon
  3287 | D:5      | Reached XP level 7. HP: 56/56 MP: 7/7
  3331 | D:5      | Noticed Edmund
  3417 | D:5      | Killed Edmund
  3418 | D:5      | Reached skill level 6 in Axes
  3446 | D:5      | Noticed Duvessa
  3447 | D:5      | Noticed Dowan
  3456 | D:5      | Killed Duvessa
  3457 | D:5      | Reached XP level 8. HP: 64/64 MP: 8/8
  3460 | D:5      | Killed Dowan
  4050 | D:3      | Killed Hayther's ghost
  4051 | D:3      | Reached skill level 7 in Axes
  4129 | D:6      | Noticed Grinder
  4132 | D:6      | Killed Grinder
  4132 | D:6      | Reached * piety under the Shining One
  4133 | D:6      | Noticed Blork the orc
  4153 | D:6      | Reached XP level 9. HP: 57/71 MP: 9/9
  4157 | D:6      | Killed Blork the orc
  4161 | D:6      | Found Inuusch's Book Shoppe.
  4396 | D:6      | Reached skill level 8 in Axes
  4396 | D:6      | Reached skill level 5 in Dodging
  4798 | D:6      | Noticed Maggie
  4808 | D:6      | Killed Maggie
  5015 | D:6      | Found a runed translucent door.
  5016 | D:6      | Noticed Crazy Yiuf
  5025 | D:6      | Killed Crazy Yiuf
  5219 | D:7      | Reached skill level 5 in Evocations
  5239 | D:7      | Reached skill level 9 in Axes
  5410 | D:7      | Found a flagged portal.
  5425 | Bailey   | Entered a bailey
  5425 | Bailey   | Noticed an orc knight
  5425 | Bailey   | Noticed an orc knight
  5426 | Bailey   | Noticed an orc knight
  5434 | Bailey   | Annihilated by an orc knight

Illustrated notes

Levels and vault maps discovered:
D:1:      lemuel_arrival_behind_the_door_large, layout_loops_ring,
          grunt_decor_one_mirror
D:2:      wad_pebble_path, layout_basic, minmay_3d_cube
D:3:      layout_basic, grunt_temple_overflow_open, gammafunk_ghost_split,
          minmay_crystal_water, uniq_natasha
D:4:      layout_gridville, minmay_temple_entry_gardened_gates
D:5:      layout_rooms, nrook_mini_backslash, kennysheep_potato, uniq_edmund,
          uniq_duvessa
D:6:      layout_loops_ring, serial_shops, shop, minmay_misc_feat_five,
          bh_walls_and_bars, uniq_grinder, uniq_blork_the_orc,
          uniq_crazy_yiuf_cottage, uniq_maggie
D:7:      layout_basic, enter_bailey_7, uniq_menkaure
Temple:   zaba_magenta_temple
Bailey:   bailey_polearm_4, bailey

Skill      XL: |  1  2  3  4  5  6  7  8  9 |
---------------+----------------------------+-----
Dodging        | 1 2 3 4 5 |  5.7
Axes           | 3 4 5 6 7 9 |  9.0
Armour         | 4 5 6 7 |  7.6
Fighting       | 4 5 6 7 |  7.4
Evocations     | 1 2 3 5 |  5.1
Shields        | |  3.2

Action                   |  1- 3 |  4- 6 |  7- 9 || total
-------------------------+-------+-------+-------++-------
Melee: War axe           |    92 |    44 |    58 ||   194
       Battleaxe         |       |    92 |   104 ||   196
 Abil: Hop               |       |       |     4 ||     4
Evoke: Wand              |       |       |     6 ||     6
  Use: Scroll            |     3 |     6 |     3 ||    12
       Potion            |       |       |     3 ||     3
Armor: Scale mail        |    22 |       |       ||    22
       Chain mail        |    37 |   104 |    97 ||   238
Dodge: Dodged            |    62 |    84 |    71 ||   217
